 Dungeon Crawl Stone Soup version 0.19-b1-5-gdc9fa9d (webtiles) character file.

28 Enish the Skirmisher (level 3, -2/30 (31) HPs)
             Began as a Ghoul Abyssal Knight on Oct 31, 2016.
             Was a Follower of Lugonu.
             Slain by a goblin (4 damage)
             ... led by Robin
             ... on level 2 of the Dungeon.
             The game lasted 00:02:07 (264 turns).

Enish the Skirmisher (Ghoul Abyssal Knight)          Turns: 264, Time: 00:02:08

HP:   -2/30 (31)    AC:  3    Str: 16    XL:     3   Next: 12%
MP:   3/3           EV: 10    Int:  7    God:    Lugonu [*.....]
Gold: 26            SH:  3    Dex:  8    Spells: 0 memorised, 2 levels left

rFire  . . .     SeeInvis .     a - +1 hand axe
rCold  + . .     Gourm    .     b - +0 leather armour
rNeg   + + +     Faith    .     e - +0 buckler
rPois  ∞         Spirit   .     (no helmet)
rElec  .         Reflect  .     (no cloak)
rCorr  .         Harm     .     (no gloves)
MR     .....                    (no boots)
Stlth  +.........               (no amulet)
                                (no ring)
                                (no ring)

@: rotting
A: rotting body, claws 1, carnivore 3, cold resistance 1, negative energy
resistance 3, slow regeneration 1, torment resistance, unbreathing
a: Depart the Abyss, Renounce Religion


You were on level 2 of the Dungeon.
You worshipped Lugonu.
Lugonu was aware of your devotion.
You were not hungry.

You visited 1 branch of the dungeon, and saw 2 of its levels.
You visited the Abyss 1 time.

You collected 26 gold pieces.

Inventory:

Hand Weapons
 a - a +1 hand axe (weapon)
Armour
 b - a +0 leather armour (worn)
 e - a +0 buckler (worn)
 f - a +0 scale mail
Comestibles
 c - 2 meat rations
 d - a royal jelly
 g - 2 chunks of flesh


   Skills:
 - Level 3.2 Fighting
 * Level 2.7 Axes
 - Level 1.7 Armour
 - Level 0.8 Dodging
 + Level 1.2 Shields
 - Level 2.0 Invocations


You had 2 spell levels left.
You didn't know any spells.

Dungeon Overview and Level Annotations

Branches:
Dungeon (2/15)

Altars:

Annotations:
D:2 Robin


Innate Abilities, Weirdness & Mutations

Your body is rotting away.
You thrive on raw meat.
You are immune to poison.
You have sharp fingernails.
You are carnivorous and can eat meat at any time.
Your flesh is cold resistant. (rC+)
You are immune to negative energy. (rN+++)
You regenerate slowly when monsters are visible.
You are immune to unholy pain and torment.
You can survive without breathing.


Message History

Lugonu accepts your kill.
You have reached level 3!
Your experience leads to an increase in your attributes!
Increase (S)trength, (I)ntelligence, or (D)exterity?
You feel stronger.
You hit the goblin.
You kill the goblin!
Lugonu accepts your kill. Robin throws the goblin at you!
The goblin hits you but does no damage.
You slash the hobgoblin!
You kill the hobgoblin!
Lugonu accepts your kill.
You hit the goblin. Robin throws the goblin at you!
The goblin hits you but does no damage. You block the goblin's attack.
You are too injured to fight recklessly!
You barely miss the goblin. You hit the goblin.
You kill the goblin!
Lugonu accepts your kill. The goblin hits you.
You die...

#..# #.<#
##.###.†###).#
#............#
.##.###.(###..#
.........# #..#
.##.###.## #.... #.#
#..#..
..#######.####..#.#.#
.gg.ggg@).......# # #
..#######.#####.# #.#
..# ###


You could see Robin, a hobgoblin and 3 goblins.

Vanquished Creatures
  A worm (D:2)
  2 giant cockroaches (D:1)
  3 hobgoblins
  2 jackals (D:1)
  2 kobolds
  8 goblins
  2 rats
20 creatures vanquished.

Notes
Turn   | Place    | Note
-------+----------+-------------------------------------------
     0 | Abyss:1  | Enish the Ghoul Abyssal Knight began the quest for the Orb.
     0 | Abyss:1  | Reached XP level 1. HP: 19/19 MP: 1/1
    53 | Abyss:2  | Noticed an apocalypse crab
    54 | D:1      | Escaped the Abyss
   202 | D:1      | Reached XP level 2. HP: 19/25 MP: 2/2
   217 | D:1      | Reached * piety under Lugonu
   249 | D:2      | Reached skill level 1 in Shields
   257 | D:2      | Noticed Robin
   261 | D:2      | HP: 1/25 [goblin/club[Robin] (1)]
   262 | D:2      | Reached XP level 3. HP: 2/30 MP: 3/3
   264 | D:2      | Slain by a goblin

Skill      XL: |  1  2 |
---------------+-------+-----
Axes           | 2 |  2.7
Shields        | 1 |  1.2
Fighting       | |  3.2
Armour         | |  1.7
Dodging        | |  0.8
Invocations    | |  2.0

Action                   || total
-------------------------++-------
Melee: Hand axe          ||    58
Invok: Depart the Abyss  ||     1
  Eat: Chunk             ||     3
Armor: Leather armour    ||    23
Dodge: Dodged            ||    30
Block: Buckler           ||     3
